[Event "Titled Tuesday Blitz May 23 Late 2023"]
[White "Godzwon, Iwo"]
[Black "Balla, Tamas-Kristof"]
[WhiteFideId "21802483"]
[BlackFideId "1208497"]
[WhiteElo "2284"]
[BlackElo "2334"]
[Result "1-0"]
[Round "05"]
[TimeControl "180+2"]
[Date "2023.05.23"]
[WhiteClock "0:00:08"]
[BlackClock "0:00:00"]

1. e4 d5 2. exd5 Qxd5 3. Nc3 Qa5 4. d4 Nf6 5. Bd2 Bg4 6. Be2 Bxe2 7. Qxe2 c6 8. Nf3 Nbd7 9. O-O Qc7 10. Ne5 e6 11. Bf4 Nxe5 12. Bxe5 Bd6 13. Rfe1 Bxe5 14. dxe5 Nd5 15. Na4 b6 16. Rad1 O-O 17. c4 Ne7 18. Nc3 Rad8 19. f4 Nf5 20. Rxd8 Rxd8 21. Rd1 Nd4 22. Qe4 c5 23. Kf2 h6 24. b3 Qe7 25. g3 g5 26. Rd3 Kh8 27. Qe3 Nf5 28. Qd2 Rxd3 29. Qxd3 gxf4 30. Ne4 fxg3+ 31. hxg3 Qc7 32. g4 Qxe5 33. gxf5 Qxf5+ 34. Kg2 Qg4+ 35. Kf2 Qf4+ 36. Qf3 Qh2+ 37. Qg2 Qf4+ 38. Ke2 f5 39. Nf2 Qe5+ 40. Kf3 Qc3+ 41. Kf4 Qd4+ 42. Kf3 Qc3+ 43. Kf4 Qd4+ 44. Kg3 Qe5+ 45. Kh3 f4 46. Qe4 Qh5+ 47. Kg2 Qg5+ 48. Kf1 e5 49. Nd3 Qg3 50. Qxe5+ Kg8 51. Nxf4 Qf3+ 52. Ke1 Qg3+ 53. Ke2 Qg4+ 54. Ke3 Qg3+ 55. Ke4 Qe1+ 56. Kf5 Qb1+ 57. Kf6 1-0


[Site "https://www.chess.com"]

[Event "Titled Tuesday Blitz May 23 Late 2023"]
[White "Ilkhomi, Jaloliddin"]
[Black "Shapiro, Viktor"]
[WhiteFideId "14700948"]
[BlackFideId "4175700"]
[WhiteElo "2045"]
[BlackElo "2152"]
[Result "1-0"]
[Round "05"]
[TimeControl "180+2"]
[Date "2023.05.23"]
[WhiteClock "0:00:14"]
[BlackClock "0:00:16"]

1. Nf3 Nf6 2. c4 c5 3. g3 Nc6 4. Bg2 d6 5. O-O e6 6. Nc3 Be7 7. d4 cxd4 8. Nxd4 Bd7 9. Bg5 a6 10. e4 Rc8 11. b3 h6 12. Be3 O-O 13. f3 Ne5 14. Qd2 Qc7 15. Rac1 Qb8 16. Rfd1 b5 17. cxb5 axb5 18. Nce2 d5 19. Bf4 dxe4 20. fxe4 g5 21. Bxe5 Qxe5 22. Nf3 Bc5+ 23. Kh1 Qb8 24. Nxg5 Ng4 25. Nh3 Be3 26. Qxd7 Bxc1 27. Qe7 Bg5 28. Nxg5 Nf2+ 29. Kg1 Qb6 30. Rd4 Rc2 31. Qf6 Rxe2 32. Qxh6 Nh3+ 33. Kf1 Rf2+ 34. Ke1 Nxg5 35. Qxg5+ Kh7 36. Qh5+ Kg7 37. Qg5+ Kh7 38. Qh4+ Kg6 39. e5 Rf5 40. Rg4+ 1-0


[Site "https://www.chess.com"]

[Event "Titled Tuesday Blitz May 23 Late 2023"]
[White "Iliaguev, Nisim"]
[Black "Lima, Kleyton Alcantara"]
[WhiteFideId "2817276"]
[BlackFideId "22718397"]
[WhiteElo "2241"]
[BlackElo "2009"]
[Result "1-0"]
[Round "05"]
[TimeControl "180+2"]
[Date "2023.05.23"]
[WhiteClock "0:00:21"]
[BlackClock "0:00:02"]

1. d4 Nf6 2. g3 g6 3. Bg2 d5 4. Nf3 Bg7 5. O-O O-O 6. b3 c6 7. Bb2 Bf5 8. Nbd2 Ne4 9. c4 a5 10. Nh4 Nxd2 11. Qxd2 Be6 12. Rac1 a4 13. Nf3 Qd7 14. Ne5 Bxe5 15. dxe5 dxc4 16. Qh6 Rd8 17. Bh3 axb3 18. axb3 cxb3 19. Rc3 Bxh3 20. e6 Qd5 21. exf7+ Qxf7 22. Qxh3 Nd7 23. g4 Nf6 24. Rxb3 Ra2 25. Rxb7 Nd5 26. Qb3 Qe6 27. Qc4 Rda8 28. Qd4 Qf6 29. Qxf6 Nxf6 30. f3 Nd5 31. Rd1 R2a7 32. Rb3 Kf7 33. Rc1 Ra6 34. Kf2 Rd8 35. h4 Nf4 36. Rc4 Ne6 37. Re4 Rd2 38. Re5 Ra2 39. Rbe3 Raxb2 40. Rxe6 Rd7 41. Rxc6 Ra2 42. Rce6 Ra4 43. Kg3 Ra5 44. R6e4 h5 45. gxh5 Rxh5 46. Kg4 Ra5 47. Rf4+ Kg7 48. Re6 Rad5 49. Rc4 Rd4+ 50. Rxd4 Rxd4+ 51. e4 Rd7 52. Kg5 Rd1 53. Rxg6+ Kf7 54. h5 Rg1+ 55. Kf5 Rh1 56. Rg5 e6+ 57. Ke5 Rf1 58. f4 Rh1 59. f5 exf5 60. Rxf5+ Kg7 61. Ke6 Ra1 62. e5 Ra7 63. Rf4 Rb7 64. Rd4 Ra7 65. Rd7+ 1-0


[Site "https://www.chess.com"]

[Event "Titled Tuesday Blitz May 23 Late 2023"]
[White "Schnaider, Ilan"]
[Black "reevecanada"]
[WhiteFideId "169013"]
[WhiteElo "2224"]
[BlackElo "2439"]
[Result "1-0"]
[Round "05"]
[TimeControl "180+2"]
[Date "2023.05.23"]
[WhiteClock "0:01:16"]
[BlackClock "0:00:05"]

1. e4 c5 2. Nf3 d6 3. Bb5+ Bd7 4. Bxd7+ Qxd7 5. c4 e5 6. O-O Nf6 7. Nc3 Nc6 8. Re1 g6 9. d3 Bg7 10. Bg5 Ng8 11. Nd5 f6 12. Be3 Nge7 13. Qd2 O-O 14. Rab1 f5 15. Bh6 Nxd5 16. cxd5 Ne7 17. Bxg7 Kxg7 18. Ng5 Rf6 19. Ne6+ Kh8 20. Qg5 Ng8 21. Re3 h6 22. Rh3 Qh7 23. Qh4 f4 24. b4 b6 25. bxc5 bxc5 26. Qg4 Qd7 27. Qg5 Qe7 28. Qg4 Qd7 29. Rh4 Qc8 30. Qg5 Rxe6 31. dxe6 Qxe6 32. Rxh6+ Nxh6 33. Qxh6+ Kg8 34. Rb7 Qf7 35. Rxf7 Kxf7 36. Qh7+ Kf6 37. Qd7 Kg5 38. Qxd6 Re8 39. g3 f3 40. h4+ Kg4 41. Kh2 g5 42. Qg6 Rg8 43. Qxg8 Kh5 44. Qxg5# 1-0


[Site "https://www.chess.com"]

[Event "Titled Tuesday Blitz May 23 Late 2023"]
[White "Bach, Matthias"]
[Black "ATM622"]
[WhiteFideId "4603168"]
[WhiteElo "2130"]
[BlackElo "2569"]
[Result "1-0"]
[Round "05"]
[TimeControl "180+2"]
[Date "2023.05.23"]
[WhiteClock "0:00:50"]
[BlackClock "0:00:02"]

1. d4 Nf6 2. c4 e6 3. Nc3 Bb4 4. Bg5 O-O 5. e3 b6 6. Nf3 Bb7 7. Bd3 h6 8. Bh4 c5 9. O-O d6 10. Ne4 Bxe4 11. Bxe4 Nbd7 12. Bxa8 Qxa8 13. a3 Ba5 14. Qa4 g5 15. Bg3 g4 16. Nh4 Rc8 17. Bxd6 cxd4 18. exd4 Qc6 19. Qxc6 Rxc6 20. Be7 Rxc4 21. b4 Nd5 22. Bd6 Nxb4 23. axb4 Bxb4 24. Bxb4 Rxb4 25. Rxa7 Rxd4 26. g3 b5 27. Rb7 b4 28. Rc1 Ne5 29. Rb1 Nd3 30. Rb3 Nc5 31. R3xb4 Rd1+ 32. Kg2 Nxb7 33. Rxb7 Kg7 34. Rb4 h5 35. Rb5 f5 36. Rb7+ Kf6 37. Rh7 Kg5 38. Rg7+ Kf6 39. Rg6+ Kf7 40. Rh6 Rd8 41. Rxh5 Rg8 42. Rh7+ Kf6 43. Rb7 Rd8 44. Kf1 Rd1+ 45. Ke2 Rh1 46. Ng2 Rxh2 47. Nf4 e5 48. Rb6+ Kf7 49. Nd3 e4 50. Nf4 Rh1 51. Nd5 Ra1 52. Ne3 Ra5 53. Kf1 Ke7 54. Kg2 Kf7 55. Rd6 f4 56. gxf4 Ke7 57. Rg6 Kf7 58. Rxg4 Kf6 59. Rg5 Rxg5+ 60. fxg5+ Kxg5 61. Kg3 Kg6 62. Kf4 Kf6 63. Kxe4 1-0


[Site "https://www.chess.com"]

[Event "Titled Tuesday Blitz May 23 Late 2023"]
[White "Kim, Sergey"]
[Black "Fridman, Daniel"]
[WhiteFideId "13700570"]
[BlackFideId "11600454"]
[WhiteElo "2489"]
[BlackElo "2525"]
[Result "0-1"]
[Round "05"]
[TimeControl "180+2"]
[Date "2023.05.23"]
[WhiteClock "0:00:00"]
[BlackClock "0:00:32"]

1. d4 d5 2. c4 e6 3. Nc3 Nf6 4. Nf3 c6 5. e3 a6 6. a3 Nbd7 7. Bd3 dxc4 8. Bxc4 b5 9. Ba2 Bb7 10. O-O c5 11. Qe2 Qc7 12. Rd1 Bd6 13. e4 cxd4 14. Rxd4 O-O 15. Bg5 Ne5 16. Bxf6 gxf6 17. Rad1 Rad8 18. h3 Ng6 19. Qd2 Bf4 20. Qe2 Rxd4 21. Nxd4 Bh2+ 22. Kh1 Be5 23. Qe3 Qb6 24. Nce2 Rd8 25. f3 Rd7 26. Bb3 a5 27. f4 Nxf4 28. Nxf4 Rxd4 29. Rf1 Bxe4 30. Nh5 f5 31. Qg5+ Kh8 32. Nf6 Qd8 33. Nxe4 f6 34. Qh6 fxe4 35. Bxe6 Rd1 36. Rg1 Rxg1+ 37. Kxg1 Qd1+ 38. Kf2 e3+ 0-1


[Site "https://www.chess.com"]

[Event "Titled Tuesday Blitz May 23 Late 2023"]
[White "Mahdavi, Reza"]
[Black "cristianserban1"]
[WhiteFideId "12595926"]
[WhiteElo "2352"]
[BlackElo "2483"]
[Result "1-0"]
[Round "05"]
[TimeControl "180+2"]
[Date "2023.05.23"]
[WhiteClock "0:00:42"]
[BlackClock "0:00:53"]

1. e4 c5 2. Nf3 e6 3. d4 cxd4 4. Nxd4 Nf6 5. Nc3 Nc6 6. Nxc6 bxc6 7. Bd3 d5 8. O-O a5 9. Qe2 Be7 10. b3 O-O 11. Bb2 Qb6 12. Na4 Qa7 13. Rad1 Ba6 14. c4 Rfd8 15. e5 Ne8 16. Kh1 Qc7 17. f4 g6 18. Nc3 Bb7 19. Na4 c5 20. cxd5 exd5 21. f5 d4 22. Bc4 Bd5 23. fxg6 hxg6 24. Bxd5 Rxd5 25. Qf3 Qxe5 26. Qxf7+ Kh8 27. Rde1 1-0


[Site "https://www.chess.com"]

[Event "Titled Tuesday Blitz May 23 Late 2023"]
[White "Panesar Vedant"]
[Black "Jimenez Almeida, Luis David"]
[WhiteFideId "35033018"]
[BlackFideId "22242244"]
[WhiteElo "2347"]
[BlackElo "2245"]
[Result "1-0"]
[Round "05"]
[TimeControl "180+2"]
[Date "2023.05.23"]
[WhiteClock "0:02:18"]
[BlackClock "0:00:34"]

1. e4 c5 2. Nf3 e6 3. d4 cxd4 4. Nxd4 a6 5. Bd3 Qc7 6. O-O Nc6 7. Nxc6 bxc6 8. Nc3 Nf6 9. Qe2 e5 10. f4 d6 11. fxe5 dxe5 12. Bg5 Be7 13. Kh1 Be6 14. Bc4 Bxc4 15. Qxc4 Qb6 16. Rad1 h6 17. Bxf6 gxf6 18. b3 Rd8 19. Rxd8+ Bxd8 20. Qd3 Be7 21. Ne2 h5 22. Ng3 h4 23. Nf5 h3 24. gxh3 Qd8 25. Qxa6 Rxh3 26. Qxc6+ Kf8 27. Nxe7 Kxe7 28. Qxf6+ 1-0


[Site "https://www.chess.com"]

[Event "Titled Tuesday Blitz May 23 Late 2023"]
[White "Weetik, Vjacheslav"]
[Black "Przybylski, Wojciech"]
[WhiteFideId "4153472"]
[BlackFideId "1117599"]
[WhiteElo "2469"]
[BlackElo "2222"]
[Result "0-1"]
[Round "05"]
[TimeControl "180+2"]
[Date "2023.05.23"]
[WhiteClock "0:00:49"]
[BlackClock "0:01:57"]

1. d4 Nf6 2. c4 e6 3. g3 d5 4. Nf3 Bb4+ 5. Bd2 Be7 6. Bg2 O-O 7. O-O Nbd7 8. Qc2 Nb6 9. b3 dxc4 10. bxc4 c5 11. Rd1 Bd7 12. e3 Rc8 13. Ne5 Ba4 14. Qc1 Bxd1 15. Qxd1 cxd4 16. Bxb7 Rc7 17. Bf3 dxe3 18. Bxe3 Qxd1+ 19. Bxd1 Nxc4 20. Nxc4 Rxc4 21. Nd2 Rc7 22. Bb3 Nd5 23. Bxd5 exd5 24. Nb3 Bf6 25. Rd1 Rd8 26. Kg2 d4 27. Bf4 Rc2 28. a4 d3 29. Nd2 Bd4 30. Kf3 Re8 31. Ne4 f5 32. Nd2 Re2 0-1


[Site "https://www.chess.com"]

[Event "Titled Tuesday Blitz May 23 Late 2023"]
[White "Goncalves, Davi Sulzbacher"]
[Black "Matinian, Nikita"]
[WhiteFideId "2154510"]
[BlackFideId "24129100"]
[WhiteElo "2182"]
[BlackElo "2422"]
[Result "0-1"]
[Round "05"]
[TimeControl "180+2"]
[Date "2023.05.23"]
[WhiteClock "0:00:17"]
[BlackClock "0:01:31"]

1. Nf3 Nf6 2. d4 g6 3. c4 Bg7 4. Nc3 O-O 5. e4 d6 6. Be2 e5 7. d5 a5 8. Bg5 h6 9. Bh4 Qe8 10. O-O Nh5 11. Nd2 Nf4 12. c5 dxc5 13. d6 cxd6 14. Nc4 Nc6 15. Nb5 Nd4 16. Nc7 Ndxe2+ 17. Kh1 Bh3 18. gxh3 Qc8 19. Nd5 Qxh3 20. Nxf4 Nxf4 0-1


[Site "https://www.chess.com"]

[Event "Titled Tuesday Blitz May 23 Late 2023"]
[White "Alex_Sahakyan2006"]
[Black "Urbina Perez, Juan Antonio"]
[BlackFideId "2217368"]
[WhiteElo "2675"]
[BlackElo "2197"]
[Result "1-0"]
[Round "05"]
[TimeControl "180+2"]
[Date "2023.05.23"]
[WhiteClock "0:00:23"]
[BlackClock "0:00:56"]

1. d4 Nf6 2. Nf3 e6 3. Bf4 d5 4. e3 Bd6 5. Bg3 O-O 6. Nbd2 b6 7. Bd3 Ba6 8. Ne5 Bxd3 9. cxd3 Nfd7 10. f4 f6 11. Nxd7 Nxd7 12. O-O Qe7 13. e4 dxe4 14. dxe4 e5 15. dxe5 fxe5 16. f5 Rad8 17. Qb3+ Kh8 18. Qf3 Bc5+ 19. Kh1 Bd4 20. Rad1 Bxb2 21. Nc4 Bd4 22. Be1 c5 23. g4 b5 24. Na5 Rc8 25. Qg2 c4 26. g5 b4 27. Rf3 Qc5 28. Rh3 Qxa5 29. g6 Nf6 30. Rxh7+ Nxh7 31. Qh3 Kg8 32. Qxh7# 1-0


[Site "https://www.chess.com"]

[Event "Titled Tuesday Blitz May 23 Late 2023"]
[White "Perez, Maximiliano"]
[Black "carokannlover213"]
[WhiteFideId "117234"]
[WhiteElo "2344"]
[BlackElo "2669"]
[Result "1/2-1/2"]
[Round "05"]
[TimeControl "180+2"]
[Date "2023.05.23"]
[WhiteClock "0:00:14"]
[BlackClock "0:00:20"]

1. e4 e6 2. d3 d5 3. Nd2 c5 4. Ngf3 Nc6 5. g3 Nf6 6. Bg2 Be7 7. O-O O-O 8. Re1 b5 9. e5 Nd7 10. Nf1 a5 11. h4 a4 12. N1h2 a3 13. b3 b4 14. h5 h6 15. Ng4 Qc7 16. Bf4 Rd8 17. Qd2 Bf8 18. Rac1 Nd4 19. c3 bxc3 20. Rxc3 Nxf3+ 21. Bxf3 Qa5 22. Rec1 Bb7 23. R3c2 Qxd2 24. Bxd2 Ba6 25. Be2 Rdb8 26. f4 d4 27. Nf2 Bb7 28. g4 Bd5 29. Kh2 f6 30. exf6 gxf6 31. Kg3 Bd6 32. Bf3 Bxf3 33. Kxf3 Kf7 34. Ne4 Be7 35. Rf1 Rg8 36. Rb1 Rab8 37. Bc1 Ra8 38. Bd2 Rgb8 39. b4 cxb4 40. Rc7 Ke8 41. g5 fxg5 42. fxg5 Ne5+ 43. Ke2 b3 44. gxh6 bxa2 45. Ra1 Nf7 46. Rxa2 Rb2 47. Ra1 Rb5 48. Bc1 Rxh5 49. Rxe7+ Kxe7 50. Bxa3+ Kd8 51. Be7+ Kxe7 52. Rxa8 Rxh6 53. Ra7+ Kf8 54. Ra4 Rh2+ 55. Kd1 e5 56. Ra6 Kg7 57. Re6 Rh3 58. Kd2 Rh2+ 59. Kd1 Rg2 60. Re7 Kg6 61. Re6+ Kh5 62. Rf6 Ng5 63. Rf5 Kg6 64. Rxe5 Nf3 65. Re6+ Kf5 66. Rf6+ Kg4 67. Rg6+ Kh3 68. Rxg2 Kxg2 69. Kc2 Ne5 70. Nc5 Nc6 71. Ne6 Kf3 72. Kb3 Ke3 73. Nxd4 Kxd4 74. Kc2 Ne5 75. Kb3 Nf7 76. Kc2 Nd8 77. Kb3 Nc6 78. Kc2 Ne5 79. Kb3 Nf3 80. Kc2 Kd5 81. Kb3 Ng5 82. Kc2 Ne6 83. Kb3 Nc7 84. Kc2 Nb5 85. Kb3 Nd4+ 86. Kc3 Kc5 87. Kd2 Kb4 88. Ke3 Kc3 89. Ke4 Nc2 90. d4 Nb4 91. d5 Na6 92. Ke5 Kc4 93. d6 Nc5 94. Kf6 Kd5 95. Ke7 Kc6 96. d7 Nxd7 1/2-1/2


[Site "https://www.chess.com"]

[Event "Titled Tuesday Blitz May 23 Late 2023"]
[White "Senft, Sean"]
[Black "Annaberdiyev, Meylis"]
[WhiteFideId "2044960"]
[BlackFideId "14000563"]
[WhiteElo "1989"]
[BlackElo "2416"]
[Result "1/2-1/2"]
[Round "05"]
[TimeControl "180+2"]
[Date "2023.05.23"]
[WhiteClock "0:00:05"]
[BlackClock "0:00:04"]

1. d4 Nf6 2. c4 g6 3. Nc3 Bg7 4. e4 d6 5. f4 c5 6. d5 O-O 7. Nf3 e6 8. Be2 exd5 9. exd5 Re8 10. O-O a6 11. a4 Ng4 12. Bd3 Nh6 13. Re1 Bg4 14. Rxe8+ Qxe8 15. h3 Bf5 16. g4 Bxd3 17. Qxd3 Nd7 18. Bd2 f5 19. Re1 Qf8 20. Ng5 fxg4 21. Ne6 Qf5 22. Qxf5 Nxf5 23. hxg4 Nd4 24. Nxd4 Bxd4+ 25. Kg2 Rf8 26. Ne4 b5 27. axb5 axb5 28. Nxd6 Nb6 29. b3 bxc4 30. bxc4 Rd8 31. Re6 Ra8 32. f5 Ra2 33. Re2 Bc3 34. Ne4 Be5 35. fxg6 hxg6 36. Kf3 Nxc4 37. Bc3 Rxe2 38. Kxe2 Bxc3 39. Nxc3 Nd6 40. Kd3 Kf7 41. Na4 c4+ 42. Kd4 Kf6 43. Nb6 c3 44. Kxc3 Ke5 45. Kb4 g5 46. Kc5 Ne4+ 47. Kc6 Kf4 48. Nc4 Kxg4 49. d6 Nxd6 50. Kxd6 Kf3 51. Ne5+ Kf4 52. Ke6 g4 53. Nxg4 1/2-1/2


[Site "https://www.chess.com"]

[Event "Titled Tuesday Blitz May 23 Late 2023"]
[White "Rottenwohrer Suarez, Juan"]
[Black "Maltsevskaya, Aleksandra"]
[WhiteFideId "32068182"]
[BlackFideId "24174041"]
[WhiteElo "2174"]
[BlackElo "2302"]
[Result "0-1"]
[Round "05"]
[TimeControl "180+2"]
[Date "2023.05.23"]
[WhiteClock "0:00:01"]
[BlackClock "0:00:46"]

1. d4 Nf6 2. c4 g6 3. Nc3 d6 4. e4 Bg7 5. Be2 O-O 6. Be3 c5 7. d5 e6 8. h3 exd5 9. exd5 Re8 10. Nf3 Bf5 11. g4 Be4 12. Nxe4 Nxe4 13. Qc2 Nd7 14. Kf1 Ng3+ 15. fxg3 Rxe3 16. Kg2 Qe7 17. Rae1 Re8 18. b3 Ne5 19. Nh4 Nd3 20. Bxd3 Rxe1 21. Rxe1 Qxe1 22. Nf3 Qa1 23. h4 Re3 24. g5 Bd4 25. Be2 a5 26. Bd3 a4 27. bxa4 Qc3 28. Qxc3 Bxc3 29. Bf1 Ba1 30. Nd2 Ra3 31. Ne4 Be5 32. g4 Rxa4 33. Bd3 Rxa2+ 34. Kf3 Ra3 35. Ke3 b5 36. Nd2 b4 37. Ke2 Bg3 38. Ne4 Bxh4 39. Nxd6 b3 40. Ne4 b2 41. Bc2 Ra1 42. d6 b1=Q 43. Bxb1 Rxb1 44. d7 Rb8 45. Kd3 f5 46. Nf6+ Kf7 47. gxf5 gxf5 48. Ke3 Bxg5+ 0-1


[Site "https://www.chess.com"]

[Event "Titled Tuesday Blitz May 23 Late 2023"]
[White "Bilan, Danila"]
[Black "Camilla_Lee"]
[WhiteFideId "24161918"]
[WhiteElo "2182"]
[BlackElo "2663"]
[Result "1-0"]
[Round "05"]
[TimeControl "180+2"]
[Date "2023.05.23"]
[WhiteClock "0:00:04"]
[BlackClock "0:00:12"]

1. d4 Nf6 2. Nf3 g6 3. Bg5 Bg7 4. c3 d5 5. Nbd2 O-O 6. e3 c6 7. Bd3 a6 8. O-O h6 9. Bh4 Bf5 10. Bxf5 gxf5 11. Ne5 Nbd7 12. f4 e6 13. Rf3 Qc7 14. Rg3 Kh7 15. Ndf3 Ne4 16. Rh3 f6 17. Nxd7 Qxd7 18. Nd2 Qf7 19. Qe2 Rg8 20. Nxe4 fxe4 21. f5 e5 22. dxe5 fxe5 23. f6 Bh8 24. Rf1 Rg6 25. Rg3 Rag8 26. Qh5 Rf8 27. Qxe5 Rxg3 28. hxg3 Qg6 29. Kh2 Rf7 30. Qe8 Qg8 31. Qe6 Qg6 32. Rf4 h5 33. Rf5 Qg8 34. Rxh5+ Kg6 35. Qf5# 1-0


[Site "https://www.chess.com"]

[Event "Titled Tuesday Blitz May 23 Late 2023"]
[White "Kielinkei"]
[Black "Mirimanian, Hayk"]
[BlackFideId "4700180"]
[WhiteElo "2457"]
[BlackElo "2280"]
[Result "0-1"]
[Round "05"]
[TimeControl "180+2"]
[Date "2023.05.23"]
[WhiteClock "0:00:06"]
[BlackClock "0:00:38"]

1. d4 d5 2. c4 e6 3. Nc3 c6 4. e3 Nf6 5. Nf3 Nbd7 6. Be2 Bd6 7. O-O O-O 8. b3 b6 9. Bb2 Bb7 10. Bd3 Qe7 11. Qe2 Rfe8 12. e4 dxc4 13. bxc4 e5 14. d5 Ba3 15. Rfd1 Bxb2 16. Qxb2 Nc5 17. Bc2 Rad8 18. Nd2 Nh5 19. Na4 Nf4 20. Nxc5 Qxc5 21. Re1 Rd6 22. Qb3 Rg6 23. g3 Nh3+ 24. Kh1 Nxf2+ 25. Kg2 Ng4 26. Qf3 Bc8 27. Nb3 Qxc4 28. Bd3 Qb4 29. Rf1 Rf6 30. Qe2 cxd5 31. exd5 e4 32. Bc2 Qc3 33. Rae1 Rxf1 34. Kxf1 Ba6 0-1


[Site "https://www.chess.com"]

[Event "Titled Tuesday Blitz May 23 Late 2023"]
[White "Papayan, Oleg"]
[Black "Aldokhin, Ivan"]
[WhiteFideId "4193911"]
[BlackFideId "24115720"]
[WhiteElo "2171"]
[BlackElo "2322"]
[Result "1/2-1/2"]
[Round "05"]
[TimeControl "180+2"]
[Date "2023.05.23"]
[WhiteClock "0:00:07"]
[BlackClock "0:00:02"]

1. e4 c5 2. d4 d5 3. dxc5 Nf6 4. exd5 Qxd5 5. Qxd5 Nxd5 6. Bc4 e6 7. Bxd5 exd5 8. Nc3 Be6 9. Be3 d4 10. Bxd4 Nc6 11. Be3 O-O-O 12. a3 Ne5 13. Nf3 Nc4 14. b4 Nxe3 15. fxe3 Be7 16. Nd4 Bf6 17. Ne4 Bh4+ 18. g3 Bd5 19. gxh4 Bxe4 20. O-O f6 21. Rf4 Rhe8 22. Kf2 Re5 23. Rg1 Bg6 24. Rg3 Rd7 25. Ke2 a6 26. Kd2 Kc7 27. c4 Rde7 28. h3 Rd7 29. Kc3 Rde7 30. Kd2 Kd7 31. a4 a5 32. c6+ bxc6 33. bxa5 Rxa5 34. Nb3 Rae5 35. a5 Kc7 36. Rd4 Re8 37. c5 Rb8 38. Kc3 Rbe8 39. Nd2 Rxe3+ 40. Rxe3 Rxe3+ 41. Kb4 Re5 42. Nc4 Re1 43. a6 Rb1+ 44. Ka4 Ra1+ 45. Na3 Bf5 46. Rb4 Bc8 47. a7 Bb7 48. Kb3 Rd1 49. Nc4 Rd8 50. Nd6 Ba8 51. Rb6 Rf8 52. Rb4 f5 53. Kc3 g6 54. Kd2 h6 55. Ke3 g5 56. hxg5 hxg5 57. Kf3 Rh8 58. Kg3 f4+ 59. Kg4 f3 60. Kxf3 Rxh3+ 61. Kg2 Ra3 62. Rg4 Rxa7 63. Rxg5 Ra5 64. Rg7+ Kd8 65. Rg8+ Kd7 66. Rg7+ Ke6 67. Ne4 Ke5 68. Nf2 Ra2 69. Kf3 Kd5 70. Rg5+ Kc4 71. Ne4 Ra3+ 72. Kf4 Bb7 73. Nd6+ Kb4 74. Nxb7 Rc3 75. Re5 Kb5 76. Kf5 Ka6 77. Nd6 Rc1 78. Ne4 Kb5 79. Ke6 Rd1 80. Nf6 Rc1 81. Nd7 Rd1 82. Ke7 Rd2 83. Kd8 Rd5 84. Kc7 Rxe5 85. Nxe5 Kxc5 86. Nxc6 1/2-1/2


[Site "https://www.chess.com"]

[Event "Titled Tuesday Blitz May 23 Late 2023"]
[White "Yeritsyan, Hayk"]
[Black "Goroshkov, Maksym"]
[WhiteFideId "13307320"]
[BlackFideId "14142716"]
[WhiteElo "2452"]
[BlackElo "2322"]
[Result "1/2-1/2"]
[Round "05"]
[TimeControl "180+2"]
[Date "2023.05.23"]
[WhiteClock "0:00:54"]
[BlackClock "0:00:25"]

1. d4 Nf6 2. Nf3 d6 3. Bf4 g6 4. h3 Bg7 5. e3 O-O 6. c3 c5 7. Be2 cxd4 8. exd4 Nc6 9. O-O Re8 10. Na3 Bf5 11. Bh2 e5 12. Nc4 e4 13. Nfd2 d5 14. Nd6 Re7 15. Qb3 Qd7 16. Nxf5 Qxf5 17. Rfe1 Bh6 18. Nf1 Qd7 19. Ne3 Rd8 20. Rad1 Ne8 21. Bg4 f5 22. Be2 Nf6 23. c4 Kh8 24. cxd5 Nxd5 25. Nxd5 Qxd5 26. Bc4 Qd7 27. Be5+ Bg7 28. Bb5 a6 29. Bxg7+ Kxg7 30. d5 axb5 31. dxc6 Qc7 32. Rxd8 Qxd8 33. Qxb5 bxc6 34. Qxc6 Qd2 35. Qc3+ Qxc3 36. bxc3 Ra7 37. Re2 Ra3 38. Rc2 Kf6 39. c4 Ke6 40. c5 Kd7 41. c6+ Kc7 42. Kf1 e3 43. fxe3 Rxe3 44. Kf2 Ra3 45. h4 h6 46. g3 g5 47. h5 f4 48. gxf4 gxf4 49. Kg2 Rg3+ 50. Kh2 Rg5 51. Kh3 Rxh5+ 52. Kg4 Rg5+ 53. Kxf4 Rg6 54. Kf5 Rxc6 55. Rxc6+ Kxc6 56. Kg6 Kb5 57. Kxh6 Ka4 58. Kg5 Ka3 59. Kf4 Kxa2 1/2-1/2


[Site "https://www.chess.com"]

[Event "Titled Tuesday Blitz May 23 Late 2023"]
[White "Toniutti, Ezio"]
[Black "Gheorghiu, Calin"]
[WhiteFideId "113034"]
[BlackFideId "1200305"]
[WhiteElo "2215"]
[BlackElo "2223"]
[Result "1-0"]
[Round "05"]
[TimeControl "180+2"]
[Date "2023.05.23"]
[WhiteClock "0:00:03"]
[BlackClock "0:00:00"]

1. d4 d5 2. c4 e6 3. Nf3 c6 4. g3 Nf6 5. Bg2 Bb4+ 6. Bd2 Be7 7. Qc2 O-O 8. O-O Ne4 9. Nc3 f5 10. Rab1 Nd7 11. b4 a6 12. a4 a5 13. b5 Nxd2 14. Nxd2 Bb4 15. bxc6 bxc6 16. cxd5 cxd5 17. Nf3 Ba6 18. Nb5 Rc8 19. Qd3 Rc3 20. Qd1 Bxb5 21. axb5 Qb6 22. Ng5 Re8 23. e4 h6 24. Qh5 Nf6 25. Qf7+ Kh8 26. e5 Rc7 27. Qg6 hxg5 28. exf6 Rf8 29. Qh5+ Kg8 30. Qxg5 Rxf6 31. Rfc1 Bc3 32. h4 a4 33. Qe3 Bxd4 34. Qe2 Rff7 35. Rxc7 Rxc7 36. Bf1 a3 37. h5 Ra7 38. h6 a2 39. h7+ Kh8 40. Rc1 Qd8 41. b6 Ra3 42. b7 a1=Q 43. Rc8 Rxg3+ 44. Kh2 Rh3+ 45. Bxh3 Be5+ 46. f4 Bxf4+ 47. Kg2 Qa5 48. Rxd8+ 1-0


[Site "https://www.chess.com"]

[Event "Titled Tuesday Blitz May 23 Late 2023"]
[White "Manukyan, Sargis A."]
[Black "Kovalevsky, Stanislav"]
[WhiteFideId "13303970"]
[BlackFideId "13508598"]
[WhiteElo "2187"]
[BlackElo "2174"]
[Result "1-0"]
[Round "05"]
[TimeControl "180+2"]
[Date "2023.05.23"]
[WhiteClock "0:01:00"]
[BlackClock "0:00:00"]

1. d4 Nf6 2. c4 e6 3. Nc3 Bb4 4. a3 Bxc3+ 5. bxc3 b6 6. e3 Ne4 7. Bd3 Bb7 8. Qc2 f5 9. Ne2 Qg5 10. Ng3 Nxg3 11. fxg3 Qg6 12. O-O h5 13. d5 h4 14. g4 h3 15. gxf5 Qxg2+ 16. Qxg2 hxg2 17. Kxg2 exd5 18. c5 bxc5 19. Rb1 Bc6 20. Kg3 d6 21. c4 Nd7 22. cxd5 Bxd5 23. e4 Bc6 24. Bb2 Nf6 25. e5 Nh5+ 26. Kg4 d5 27. f6 O-O-O 28. f7 g5 29. e6 Nf4 30. Ba6+ Kb8 31. Bxh8+ Ka8 32. Rxf4 gxf4 33. e7 Rxh8 34. f8=Q+ Rxf8 35. exf8=Q+ Be8 36. Kxf4 d4 37. Qxc5 d3 38. Bxd3 c6 39. h4 Bg6 40. Rb4 a5 41. h5 a4 42. h6 1-0


[Site "https://www.chess.com"]

[Event "Titled Tuesday Blitz May 23 Late 2023"]
[White "Denishev, Marat"]
[Black "Kaplan, Avi Harrison"]
[WhiteFideId "24131563"]
[BlackFideId "30934559"]
[WhiteElo "2311"]
[BlackElo "1983"]
[Result "0-1"]
[Round "05"]
[TimeControl "180+2"]
[Date "2023.05.23"]
[WhiteClock "0:00:00"]
[BlackClock "0:00:04"]

1. d4 Nf6 2. c4 a6 3. g3 b5 4. Bg2 c6 5. Nd2 bxc4 6. Nxc4 g6 7. Nf3 Bg7 8. O-O O-O 9. b3 c5 10. dxc5 Ne4 11. Nd4 Bb7 12. Bb2 Nxc5 13. Bxb7 Nxb7 14. Rc1 d5 15. Ne3 e5 16. Nc6 Nxc6 17. Rxc6 d4 18. Nc4 Na5 19. Nxa5 Qxa5 20. Qc2 Rab8 21. Rc1 Qxa2 22. Ra1 Qxb3 23. Qxb3 Rxb3 24. Bc1 Rc3 25. Raxa6 Rc8 26. Rxc8+ Rxc8 27. Ba3 h6 28. Kg2 Rc2 29. Ra8+ Kh7 30. Ra7 Ra2 31. Kf3 f5 32. g4 e4+ 33. Kf4 g5+ 34. Kxf5 d3 35. exd3 exd3 36. f4 d2 37. Rd7 Rxa3 38. fxg5 Ra5+ 39. Ke4 Rxg5 40. Kf4 Ra5 41. Rxd2 Kg6 42. Rd6+ Bf6 43. h4 Ra4+ 44. Kf3 Ra1 45. g5 Ra3+ 46. Ke2 Ra2+ 47. Kf3 Ra3+ 48. Ke2 hxg5 49. hxg5 Kxg5 50. Kd2 Be5 51. Re6 Kf5 52. Re8 Ke4 53. Kc2 Rc3+ 54. Kd2 Rb3 55. Kc2 Rb2+ 56. Kc1 Rh2 57. Kb1 Kd4 58. Kc1 Bf4+ 59. Kd1 Rd2+ 60. Ke1 Ra2 61. Kf1 Be3 62. Ke1 Kd3 63. Kf1 Rf2+ 64. Ke1 Rg2 65. Rd8+ Bd4 0-1


[Site "https://www.chess.com"]